[ AOE2 MATCH · #484497510 ]
Team RMTeutons vs Spanish
[ REPLAY ANALYSIS · EXTRACTED FROM THE RECORDED GAME ]
Feudal
10:57
Castle
22:55
Imperial
—
| APM avg | 25.8 |
| APM peak | 52 |
| eAPM avg | 15.8 |
| Villagers / military | 77 / 21 |
Focus
⚔️ 28.6% · 🌾 71.4%
Scout Cavalry ×10 · Militia ×8 · Knight ×2 · Spearman ×1
Feudal
11:00
Castle
18:21
Imperial
—
| APM avg | 12.5 |
| APM peak | 31 |
| eAPM avg | 8.9 |
| Villagers / military | 82 / 19 |
Focus
⚔️ 5.8% · 🌾 94.2%
Samurai ×19
Feudal
—
Castle
—
Imperial
—
| APM avg | 3.9 |
| APM peak | 24 |
| eAPM avg | 2.9 |
| Villagers / military | 21 / 0 |
Focus
⚔️ 7.0% · 🌾 93.0%
Feudal
—
Castle
—
Imperial
—
| APM avg | 0.7 |
| APM peak | 14 |
| eAPM avg | 0.6 |
| Villagers / military | 0 / 0 |
Focus
⚔️ 0.0% · 🌾 100.0%
Feudal
12:52
Castle
22:40
Imperial
—
| APM avg | 8.4 |
| APM peak | 30 |
| eAPM avg | 7.2 |
| Villagers / military | 58 / 9 |
Focus
⚔️ 13.1% · 🌾 86.9%
Cavalry Archer ×9
Feudal
—
Castle
—
Imperial
—
| APM avg | 6.9 |
| APM peak | 19 |
| eAPM avg | 3.4 |
| Villagers / military | 21 / 0 |
Focus
⚔️ 5.6% · 🌾 94.4%
Fishing Ship ×2
Feudal
10:58
Castle
22:59
Imperial
—
| APM avg | 12.5 |
| APM peak | 23 |
| eAPM avg | 8.1 |
| Villagers / military | 42 / 1 |
Focus
⚔️ 4.1% · 🌾 95.9%
Fishing Ship ×2 · Demolition Raft ×1
Feudal
—
Castle
—
Imperial
—
| APM avg | 0.5 |
| APM peak | 10 |
| eAPM avg | 0.5 |
| Villagers / military | 0 / 0 |
Match map
Resources at game start + every placement click. Thick line = wall · dashed box = detected house wall. 🟡 gold · ⚪ stone · 🟢 berries · 🔶 boar · ⭕ relic
Inputs per minute
— Twixxo - - GaboMsx
Build order — Twixxo
First 150 of 163 actions detected
| 0:04 | Build | House |
| 0:15 | Create | Villager (Male) |
| 0:26 | Build | House |
| 0:31 | Create | Villager (Male) |
| 0:31 | Create | Villager (Male) |
| 0:32 | Create | Villager (Male) |
| 0:33 | Build | House |
| 1:05 | Build | Mill |
| 1:22 | Create | Villager (Male) |
| 1:22 | Create | Villager (Male) |
| 1:53 | Create | Villager (Male) |
| 2:03 | Create | Villager (Male) |
| 2:21 | Create | Villager (Male) |
| 2:47 | Create | Villager (Male) |
| 2:47 | Create | Villager (Male) |
| 3:11 | Create | Villager (Male) |
| 3:11 | Create | Villager (Male) |
| 3:27 | Create | Villager (Male) |
| 3:39 | Build | House |
| 3:40 | Build | House |
| 3:46 | Build | House |
| 3:50 | Create | Villager (Male) |
| 3:51 | Create | Villager (Male) |
| 4:00 | Create | Villager (Male) |
| 4:00 | Create | Villager (Male) |
| 4:25 | Build | House |
| 4:32 | Create | Villager (Male) |
| 4:32 | Create | Villager (Male) |
| 4:32 | Create | Villager (Male) |
| 4:49 | Create | Villager (Male) |
| 4:59 | Create | Villager (Male) |
| 5:17 | Create | Villager (Male) |
| 5:18 | Create | Villager (Male) |
| 5:18 | Create | Villager (Male) |
| 5:49 | Create | Villager (Male) |
| 5:54 | Create | Villager (Male) |
| 6:43 | Create | Villager (Male) ×5 |
| 7:58 | Build | Mining Camp |
| 8:21 | Build | House |
| 8:22 | Build | House |
| 8:25 | Build | Mining Camp |
| 8:33 | Build | Mill |
| 8:43 | Build | Farm |
| 8:47 | Research | Feudal Age |
| 9:18 | Create | Villager (Male) |
| 9:18 | Create | Villager (Male) |
| 9:19 | Create | Villager (Male) |
| 9:30 | Build | Farm |
| 9:45 | Build | Lumber Camp |
| 10:05 | Create | Villager (Male) |
| 10:05 | Create | Villager (Male) |
| 10:12 | Build | House |
| 10:21 | Build | House |
| 10:24 | Build | House |
| 10:26 | Build | House |
| 10:29 | Create | Villager (Male) |
| 10:49 | Create | Villager (Male) |
| 10:57 | Age | Feudal Age |
| 11:04 | Research | Wheelbarrow |
| 11:05 | Create | Villager (Male) |
| 11:15 | Build | Lumber Camp |
| 11:19 | Research | Loom |
| 11:20 | Create | Villager (Male) |
| 12:11 | Build | Farm |
| 12:12 | Create | Villager (Male) |
| 12:15 | Create | Villager (Male) |
| 12:21 | Build | Barracks |
| 12:31 | Create | Villager (Male) |
| 12:51 | Create | Villager (Male) |
| 12:52 | Create | Villager (Male) |
| 13:16 | Create | Villager (Male) |
| 13:16 | Create | Villager (Male) |
| 13:17 | Create | Villager (Male) |
| 13:19 | Build | House |
| 13:28 | Research | Double-Bit Axe |
| 13:55 | Research | Man-at-Arms (upgrade) |
| 14:00 | Build | Stable |
| 14:05 | Create | Villager (Male) |
| 14:06 | Create | Villager (Male) |
| 14:06 | Create | Villager (Male) |
| 14:06 | Create | Villager (Male) |
| 14:15 | Research | Gold Mining |
| 14:37 | Create | Villager (Male) |
| 14:51 | Create | Villager (Male) |
| 14:53 | Build | Farm |
| 14:56 | Build | Farm |
| 14:59 | Build | Farm |
| 15:20 | Build | Farm |
| 15:23 | Build | Farm |
| 15:24 | Create | Villager (Male) |
| 15:28 | Research | Bloodlines |
| 15:31 | Build | Stable |
| 15:35 | Create | Villager (Male) |
| 15:35 | Create | Villager (Male) |
| 15:43 | Build | Lumber Camp |
| 15:45 | Build | Farm |
| 15:46 | Create | Villager (Male) |
| 15:50 | Build | Farm |
| 16:10 | Create | Scout Cavalry |
| 16:16 | Create | Militia |
| 16:25 | Create | Villager (Male) |
| 16:30 | Build | Farm |
| 16:31 | Create | Villager (Male) |
| 16:36 | Build | Blacksmith |
| 16:53 | Build | Market |
| 17:06 | Create | Scout Cavalry |
| 17:06 | Create | Scout Cavalry |
| 17:08 | Create | Militia ×5 |
| 17:10 | Research | Arson |
| 17:30 | Build | House |
| 17:37 | Build | House |
| 17:39 | Build | House |
| 17:44 | Research | Stone Mining |
| 17:50 | Build | Farm |
| 17:52 | Build | Farm |
| 17:57 | Create | Villager (Male) |
| 18:40 | Create | Villager (Male) |
| 18:40 | Create | Villager (Male) |
| 18:44 | Build | Farm |
| 18:46 | Build | Farm |
| 18:49 | Build | Farm |
| 18:51 | Build | Farm |
| 18:54 | Create | Villager (Male) |
| 19:01 | Build | House |
| 19:02 | Build | House |
| 19:26 | Create | Scout Cavalry |
| 19:26 | Create | Scout Cavalry |
| 19:46 | Build | Farm |
| 19:55 | Build | Lumber Camp |
| 20:15 | Research | Castle Age |
| 20:22 | Create | Villager (Male) |
| 20:22 | Create | Villager (Male) |
| 20:31 | Research | Horse Collar |
| 20:59 | Create | Scout Cavalry |
| 21:13 | Build | House |
| 21:14 | Build | House |
| 21:14 | Build | House |
| 21:20 | Create | Scout Cavalry |
| 21:20 | Create | Scout Cavalry |
| 21:23 | Create | Militia |
| 21:23 | Create | Militia |
| 21:35 | Build | Farm |
| 21:39 | Build | Farm |
| 22:00 | Create | Villager (Male) ×5 |
| 22:11 | Create | Scout Cavalry |
| 22:11 | Create | Scout Cavalry |
| 22:13 | Create | Spearman |
| 22:43 | Create | Villager (Male) |
| 22:44 | Create | Villager (Male) |
| 22:52 | Build | Farm |
Build order — GaboMsx
108 actions detected in the replay
| 0:05 | Build | House |
| 0:06 | Build | House |
| 0:07 | Build | House |
| 0:10 | Build | House |
| 0:13 | Build | House |
| 0:14 | Build | House |
| 0:17 | Research | Loom |
| 0:18 | Create | Villager (Male) ×4 |
| 0:30 | Build | House |
| 0:32 | Build | House |
| 0:33 | Build | House |
| 2:27 | Create | Villager (Male) |
| 2:27 | Create | Villager (Male) |
| 2:54 | Create | Villager (Male) |
| 2:59 | Create | Villager (Male) |
| 3:20 | Create | Villager (Male) |
| 3:20 | Create | Villager (Male) |
| 3:41 | Create | Villager (Male) |
| 3:44 | Create | Villager (Male) |
| 4:05 | Create | Villager (Male) |
| 4:05 | Create | Villager (Male) |
| 4:22 | Create | Villager (Male) |
| 4:41 | Build | Mill |
| 4:50 | Create | Villager (Male) |
| 4:50 | Create | Villager (Male) |
| 5:05 | Create | Villager (Male) |
| 5:08 | Create | Villager (Male) |
| 5:09 | Create | Villager (Male) |
| 5:15 | Create | Villager (Male) |
| 5:21 | Build | House |
| 5:24 | Build | House |
| 5:27 | Build | House |
| 5:45 | Create | Villager (Male) |
| 5:45 | Create | Villager (Male) |
| 5:57 | Create | Villager (Male) |
| 5:57 | Create | Villager (Male) |
| 6:18 | Build | Lumber Camp |
| 6:33 | Create | Villager (Male) |
| 6:33 | Create | Villager (Male) |
| 6:34 | Create | Villager (Male) |
| 6:34 | Create | Villager (Male) |
| 6:44 | Create | Villager (Male) |
| 7:04 | Build | Mill |
| 7:07 | Create | Villager (Male) |
| 7:27 | Create | Villager (Male) |
| 7:27 | Create | Villager (Male) |
| 7:44 | Build | House |
| 7:46 | Build | House |
| 8:05 | Build | Lumber Camp |
| 8:43 | Research | Feudal Age |
| 8:50 | Research | Feudal Age |
| 8:59 | Create | Villager (Male) |
| 8:59 | Create | Villager (Male) |
| 9:00 | Create | Villager (Male) |
| 9:36 | Create | Villager (Male) |
| 9:37 | Create | Villager (Male) |
| 10:02 | Create | Villager (Male) |
| 10:02 | Create | Villager (Male) |
| 10:14 | Build | Mining Camp |
| 11:00 | Age | Feudal Age |
| 11:10 | Build | Farm |
| 11:10 | Build | Farm |
| 11:11 | Build | Farm |
| 11:11 | Build | Farm |
| 11:12 | Build | Farm |
| 11:12 | Build | Farm |
| 11:13 | Build | Farm |
| 11:30 | Build | Farm |
| 11:47 | Research | Horse Collar |
| 11:50 | Research | Double-Bit Axe |
| 11:54 | Create | Villager (Male) ×5 |
| 11:54 | Create | Villager (Male) ×5 |
| 11:54 | Create | Villager (Male) ×5 |
| 11:55 | Create | Villager (Male) ×5 |
| 13:24 | Build | Market |
| 13:57 | Build | Mining Camp |
| 14:18 | Research | Stone Mining |
| 14:20 | Research | Gold Mining |
| 14:30 | Build | Blacksmith |
| 15:41 | Research | Castle Age |
| 15:49 | Build | Mining Camp |
| 16:10 | Build | Lumber Camp |
| 16:21 | Build | Lumber Camp |
| 18:21 | Age | Castle Age |
| 18:21 | Research | Wheelbarrow |
| 18:30 | Build | Lumber Camp |
| 18:41 | Build | Lumber Camp |
| 19:25 | Build | University |
| 19:38 | Build | Castle |
| 19:40 | Build | Castle |
| 19:43 | Build | Castle |
| 19:58 | Research | Hand Cart |
| 20:20 | Build | Mining Camp |
| 20:33 | Build | Castle |
| 20:41 | Research | Treadmill Crane |
| 20:53 | Create | Villager (Male) ×5 |
| 20:53 | Create | Villager (Male) ×5 |
| 20:53 | Create | Villager (Male) ×5 |
| 20:53 | Create | Villager (Male) |
| 21:20 | Build | Town Center |
| 21:39 | Build | Mining Camp |
| 22:27 | Create | Villager (Male) ×5 |
| 22:27 | Create | Villager (Male) |
| 22:39 | Build | Mining Camp |
| 23:37 | Create | Samurai ×4 |
| 24:01 | Create | Samurai ×5 |
| 24:01 | Create | Samurai ×5 |
| 24:01 | Create | Samurai ×5 |
Build order — Leeroy Jenkins 2012
31 actions detected in the replay
| 0:08 | Build | House |
| 0:11 | Create | Villager (Male) |
| 0:12 | Create | Villager (Male) |
| 0:12 | Create | Villager (Male) |
| 0:12 | Create | Villager (Male) |
| 0:18 | Build | Lumber Camp |
| 0:55 | Research | Loom |
| 1:54 | Build | House |
| 2:03 | Create | Villager (Male) |
| 2:11 | Create | Villager (Male) |
| 2:33 | Create | Villager (Male) |
| 3:05 | Create | Villager (Male) |
| 3:06 | Create | Villager (Male) |
| 3:06 | Create | Villager (Male) |
| 3:46 | Create | Villager (Male) |
| 3:58 | Create | Villager (Male) |
| 3:59 | Create | Villager (Male) |
| 4:24 | Create | Villager (Male) |
| 4:24 | Create | Villager (Male) |
| 4:29 | Build | House |
| 4:33 | Build | House |
| 4:50 | Create | Villager (Male) |
| 5:08 | Create | Villager (Male) |
| 5:22 | Build | House |
| 5:24 | Build | House |
| 5:25 | Build | House |
| 5:26 | Build | House |
| 5:40 | Create | Villager (Male) |
| 5:53 | Create | Villager (Male) |
| 5:53 | Create | Villager (Male) |
| 5:54 | Create | Villager (Male) |
Build order — しこっぴ
0 actions detected in the replay
Build order — xHolyCoffeex
125 actions detected in the replay
| 0:04 | Build | House |
| 0:06 | Build | House |
| 0:10 | Create | Villager (Male) |
| 0:10 | Create | Villager (Male) |
| 0:11 | Create | Villager (Male) |
| 0:11 | Create | Villager (Male) |
| 0:21 | Build | Lumber Camp |
| 0:45 | Create | Villager (Male) |
| 0:45 | Create | Villager (Male) |
| 0:45 | Create | Villager (Male) |
| 2:18 | Create | Villager (Male) |
| 2:57 | Create | Villager (Male) |
| 3:21 | Build | House |
| 3:34 | Build | Mill |
| 3:37 | Create | Villager (Male) |
| 3:38 | Create | Villager (Male) |
| 4:23 | Create | Villager (Male) |
| 4:34 | Build | Mining Camp |
| 5:24 | Create | Villager (Male) |
| 5:41 | Create | Villager (Male) |
| 5:41 | Create | Villager (Male) |
| 5:42 | Create | Villager (Male) |
| 6:43 | Create | Villager (Male) |
| 6:43 | Create | Villager (Male) |
| 6:45 | Create | Villager (Male) |
| 6:50 | Create | Villager (Male) |
| 7:11 | Create | Villager (Male) |
| 7:11 | Create | Villager (Male) |
| 7:11 | Create | Villager (Male) |
| 7:12 | Create | Villager (Male) |
| 7:54 | Build | House |
| 8:12 | Create | Villager (Male) |
| 8:12 | Create | Villager (Male) |
| 8:12 | Create | Villager (Male) |
| 9:05 | Build | House |
| 9:52 | Create | Villager (Male) |
| 9:52 | Create | Villager (Male) |
| 9:52 | Create | Villager (Male) |
| 10:26 | Research | Feudal Age |
| 10:55 | Create | Villager (Male) |
| 10:56 | Create | Villager (Male) |
| 11:15 | Build | House |
| 11:17 | Build | House |
| 12:06 | Create | Villager (Male) |
| 12:07 | Create | Villager (Male) |
| 12:08 | Create | Villager (Male) |
| 12:10 | Create | Villager (Male) |
| 12:11 | Create | Villager (Male) |
| 12:27 | Build | Mining Camp |
| 12:52 | Age | Feudal Age |
| 13:05 | Research | Double-Bit Axe |
| 13:08 | Create | Villager (Male) |
| 13:15 | Build | Farm |
| 13:19 | Build | Farm |
| 13:24 | Build | Farm |
| 13:30 | Build | Barracks |
| 13:40 | Create | Villager (Male) |
| 13:42 | Create | Villager (Male) |
| 14:08 | Create | Villager (Male) |
| 14:25 | Create | Villager (Male) |
| 14:35 | Build | Archery Range |
| 14:40 | Build | Archery Range |
| 14:43 | Create | Villager (Male) |
| 14:50 | Build | Farm |
| 14:54 | Build | Farm |
| 14:58 | Build | Farm |
| 15:07 | Build | Farm |
| 15:13 | Build | Blacksmith |
| 15:17 | Build | House |
| 15:19 | Build | House |
| 15:20 | Build | House |
| 16:06 | Research | Wheelbarrow |
| 16:25 | Build | Market |
| 16:35 | Build | Farm |
| 16:49 | Create | Villager (Male) |
| 16:53 | Research | Horse Collar |
| 16:58 | Build | House |
| 17:00 | Build | House |
| 17:01 | Build | House |
| 17:02 | Build | House |
| 17:03 | Build | House |
| 17:30 | Create | Villager (Male) |
| 17:30 | Create | Villager (Male) |
| 17:30 | Create | Villager (Male) |
| 17:31 | Create | Villager (Male) |
| 17:32 | Create | Villager (Male) |
| 18:19 | Build | House |
| 18:29 | Create | Villager (Male) |
| 18:31 | Create | Villager (Male) |
| 18:51 | Build | House |
| 18:52 | Build | House |
| 18:54 | Build | House |
| 18:56 | Build | House |
| 18:58 | Build | House |
| 19:58 | Research | Castle Age |
| 20:41 | Build | Archery Range |
| 20:46 | Build | Archery Range |
| 20:49 | Build | Archery Range |
| 21:00 | Create | Villager (Male) |
| 21:00 | Create | Villager (Male) |
| 21:01 | Create | Villager (Male) |
| 21:01 | Create | Villager (Male) |
| 21:01 | Create | Villager (Male) |
| 21:04 | Create | Villager (Male) |
| 21:24 | Build | Lumber Camp |
| 21:44 | Build | House |
| 21:46 | Build | House |
| 21:48 | Build | House |
| 22:04 | Create | Villager (Male) |
| 22:40 | Age | Castle Age |
| 22:49 | Research | Bow Saw |
| 22:58 | Research | Heavy Plow |
| 23:19 | Build | Town Center |
| 23:37 | Create | Cavalry Archer |
| 23:38 | Create | Cavalry Archer |
| 23:38 | Create | Cavalry Archer |
| 23:38 | Create | Cavalry Archer |
| 23:38 | Create | Cavalry Archer |
| 23:39 | Create | Cavalry Archer |
| 23:39 | Create | Cavalry Archer |
| 23:39 | Create | Cavalry Archer |
| 23:39 | Create | Cavalry Archer |
| 23:54 | Build | House |
| 23:55 | Build | House |
| 23:56 | Build | House |
Build order — Ben9136
51 actions detected in the replay
| 1:45 | Create | Villager (Male) |
| 2:40 | Build | House |
| 3:14 | Create | Villager (Male) |
| 3:55 | Build | House |
| 4:04 | Create | Villager (Male) |
| 4:04 | Create | Villager (Male) |
| 4:04 | Create | Villager (Male) |
| 4:05 | Create | Villager (Male) |
| 4:05 | Create | Villager (Male) |
| 5:56 | Build | Lumber Camp |
| 6:10 | Build | Dock |
| 7:30 | Research | Tech 906 |
| 7:32 | Create | Fishing Ship |
| 7:32 | Create | Fishing Ship |
| 7:48 | Create | Villager (Male) |
| 7:49 | Create | Villager (Male) |
| 7:49 | Create | Villager (Male) |
| 7:49 | Create | Villager (Male) |
| 7:50 | Create | Villager (Male) |
| 9:02 | Build | Mill |
| 9:05 | Research | Wheelbarrow |
| 9:06 | Create | Villager (Male) |
| 9:07 | Create | Villager (Male) |
| 9:22 | Build | House |
| 9:34 | Build | House |
| 11:20 | Research | Feudal Age |
| 12:32 | Build | Mining Camp |
| 13:38 | Create | Villager (Male) |
| 13:38 | Create | Villager (Male) |
| 13:38 | Create | Villager (Male) |
| 13:39 | Create | Villager (Male) |
| 13:39 | Create | Villager (Male) |
| 13:39 | Create | Villager (Male) |
| 13:39 | Create | Villager (Male) |
| 14:19 | Build | Barracks |
| 15:03 | Build | Mill |
| 17:08 | Research | Gillnets |
| 17:23 | Build | House |
| 17:26 | Build | House |
| 18:54 | Build | Stable |
| 19:07 | Build | Farm |
| 19:16 | Build | Farm |
| 20:34 | Build | Blacksmith |
| 21:01 | Build | Farm |
| 21:07 | Build | Farm |
| 21:14 | Build | Farm |
| 21:19 | Build | Farm |
| 21:38 | Research | Castle Age |
| 23:33 | Research | Gold Mining |
| 23:34 | Research | Stone Mining |
| 23:45 | Research | Double-Bit Axe |
Build order — Lee Chaolan the ibiza Partygoer
101 actions detected in the replay
| 0:03 | Create | Villager (Male) |
| 0:03 | Create | Villager (Male) |
| 0:04 | Create | Villager (Male) |
| 0:04 | Create | Villager (Male) |
| 0:05 | Create | Villager (Male) |
| 0:08 | Build | House |
| 0:09 | Build | House |
| 0:42 | Research | Loom |
| 1:06 | Build | House |
| 1:53 | Create | Villager (Male) |
| 2:00 | Build | House |
| 3:11 | Create | Villager (Male) |
| 3:22 | Create | Villager (Male) |
| 3:33 | Build | Mining Camp |
| 4:44 | Build | Lumber Camp |
| 4:47 | Create | Villager (Male) |
| 4:47 | Create | Villager (Male) |
| 4:51 | Create | Villager (Male) |
| 4:51 | Create | Villager (Male) |
| 5:38 | Create | Villager (Male) |
| 5:44 | Create | Villager (Male) |
| 6:32 | Create | Villager (Male) |
| 6:50 | Create | Villager (Male) |
| 6:53 | Create | Villager (Male) |
| 7:03 | Build | Mill |
| 7:43 | Build | Mining Camp |
| 8:32 | Create | Villager (Male) |
| 8:48 | Research | Feudal Age |
| 9:13 | Create | Villager (Male) |
| 9:17 | Create | Villager (Male) |
| 9:17 | Create | Villager (Male) |
| 9:58 | Build | Dock |
| 10:58 | Age | Feudal Age |
| 11:38 | Create | Villager (Male) |
| 11:39 | Create | Villager (Male) |
| 11:44 | Research | Wheelbarrow |
| 13:22 | Build | Blacksmith |
| 13:41 | Create | Villager (Male) |
| 13:41 | Create | Villager (Male) |
| 13:42 | Create | Villager (Male) |
| 14:20 | Create | Demolition Raft |
| 14:25 | Create | Fishing Ship |
| 14:25 | Create | Fishing Ship |
| 14:32 | Build | House |
| 14:33 | Build | House |
| 14:33 | Build | House |
| 14:33 | Build | House |
| 14:34 | Build | House |
| 14:34 | Build | House |
| 14:35 | Build | House |
| 14:35 | Build | House |
| 14:44 | Create | Villager (Male) |
| 15:07 | Build | House |
| 15:45 | Build | House |
| 15:46 | Build | House |
| 15:57 | Build | Mining Camp |
| 16:36 | Build | Mining Camp |
| 17:02 | Create | Villager (Male) |
| 17:02 | Create | Villager (Male) |
| 17:04 | Create | Villager (Male) |
| 17:04 | Create | Villager (Male) |
| 17:11 | Build | House |
| 17:12 | Build | House |
| 17:13 | Build | House |
| 17:36 | Research | Double-Bit Axe |
| 17:45 | Research | Horse Collar |
| 17:50 | Build | Farm |
| 18:14 | Build | Farm |
| 18:16 | Build | Farm |
| 18:18 | Build | Farm |
| 18:39 | Create | Villager (Male) |
| 18:40 | Create | Villager (Male) |
| 18:48 | Research | Town Watch |
| 19:10 | Build | Market |
| 19:20 | Create | Villager (Male) |
| 19:54 | Create | Villager (Male) |
| 19:56 | Create | Villager (Male) |
| 19:56 | Create | Villager (Male) |
| 20:10 | Research | Castle Age |
| 20:16 | Build | Farm |
| 20:17 | Build | Farm |
| 20:26 | Build | Farm |
| 20:28 | Build | Farm |
| 20:56 | Build | Farm |
| 20:57 | Build | Farm |
| 20:59 | Build | Farm |
| 21:12 | Research | Fletching |
| 21:23 | Research | Stone Mining |
| 21:25 | Create | Villager (Male) |
| 21:33 | Create | Villager (Male) |
| 21:56 | Build | Outpost |
| 22:14 | Create | Villager (Male) |
| 22:22 | Create | Villager (Male) |
| 22:28 | Build | Farm |
| 22:35 | Create | Villager (Male) |
| 22:59 | Age | Castle Age |
| 23:08 | Build | Town Center |
| 23:52 | Build | Farm |
| 23:56 | Research | Hand Cart |
| 24:05 | Build | Barracks |
| 24:12 | Research | Town Patrol |
Build order — Elite Savage
0 actions detected in the replay
Match timeline
| 5:42 | しこっぴ · resign |
| 6:10 | Ben9136 · first_building Dock |
| 9:58 | Lee Chaolan the ibiza Partygoer · first_building Dock |
| 10:57 | Twixxo · age_up feudal |
| 10:58 | Lee Chaolan the ibiza Partygoer · age_up feudal |
| 11:00 | GaboMsx · age_up feudal |
| 12:21 | Twixxo · first_building Barracks |
| 12:52 | xHolyCoffeex · age_up feudal |
| 13:30 | xHolyCoffeex · first_building Barracks |
| 14:00 | Twixxo · first_building Stable |
| 14:19 | Ben9136 · first_building Barracks |
| 14:35 | xHolyCoffeex · first_building Archery Range |
| 15:00 | GaboMsx · first_market_sell 100 food |
| 15:11 | GaboMsx · first_market_buy 100 food |
| 18:21 | GaboMsx · age_up castle |
| 18:54 | Ben9136 · first_building Stable |
| 19:38 | GaboMsx · first_building Castle |
| 20:14 | Twixxo · first_market_buy 100 food |
| 22:40 | xHolyCoffeex · age_up castle |
| 22:55 | Twixxo · age_up castle |
| 22:59 | Lee Chaolan the ibiza Partygoer · age_up castle |
| 23:59 | Twixxo · first_building Castle |
| 24:05 | Lee Chaolan the ibiza Partygoer · first_building Barracks |
[ AI ANALYSIS · 1 CREDIT ]
What really happened in this match?
Wolo.gg analyzes every decision: build order, eco, micro, common mistakes by bracket. Personalized analysis on WhatsApp or Discord in 30 seconds.
Civ guide
Teutons
Map guide
Budapest
Perfil
Twixxo